 Dungeon Crawl Stone Soup version 0.30.0-5-g1a98f26d00 (webtiles) character file.

Game seed: 5107352602671371455

74617 joshe the Eclecticist (level 15, -13/64 HPs)
             Began as a Deep Elf Conjurer on May 9, 2023.
             Was the Champion of Hepliaklqana.
             Mangled by an orc knight
             ... wielding a +0 battleaxe
              (23 damage)
             ... while paralysed by Rupert
             ... on level 13 of the Dungeon on May 10, 2023.
             The game lasted 03:32:39 (31595 turns).

joshe the Eclecticist (Deep Elf Conjurer)          Turns: 31595, Time: 03:32:39

Health: -13/64     AC:  7    Str:  4    XL:     15   Next: 7%
Magic:  21/38      EV:  2    Int: 29    God:    Hepliaklqana [******]
Gold:   485        SH:  0    Dex: 21    Spells: 17/49 levels left

rFire   + . .        C - staff of fire
rCold   . . .        (no shield)
rNeg    . . .        K - +1 robe {Archmagi}
rPois   .            M - +1 helmet
rElec   .            P - scarf {repulsion}
rCorr   .            O - +0 pair of gloves
SInv    .            F - +0 pair of boots
Will    +....        u - amulet of regeneration
Stlth   ++++         v - +5 ring of evasion
HPRegen 1.10/turn    B - +6 ring of dexterity
MPRegen 0.26/turn

%: repel missiles, archmagi
@: paralysed
A: reduced essence
a: Renounce Religion, Recall Ancestor, Ancestor Identity, Transference, Idealise


You were on level 13 of the Dungeon.
You worshipped Hepliaklqana.
Hepliaklqana was exalted by your worship.
You visited 3 branches of the dungeon, and saw 20 of its levels.

You collected 2258 gold pieces.
You spent 1773 gold pieces at shops.

Inventory:

Hand Weapons
 d - a +2 dagger of venom
 S - a +2 dagger of electrocution
Armour
 x - a +0 robe of fire resistance
 F - a +0 pair of boots (worn)
 K - a +1 robe of the Archmagi (worn)
 M - a +1 helmet (worn)
 O - a +0 pair of gloves (worn)
 P - a scarf of repulsion (worn)
Magical Staves
 C - a staff of fire (weapon)
Jewellery
 u - an amulet of regeneration (around neck)
 v - a +5 ring of evasion (left hand)
 B - a +6 ring of dexterity (right hand)
 I - a ring of positive energy
 N - a ring of ice
Wands
 w - a wand of flame (72)
 z - a wand of polymorph (14)
 Q - a wand of digging (7)
 U - a wand of roots (2)
Scrolls
 g - 5 scrolls of amnesia
 h - 3 scrolls of enchant armour
 i - 6 scrolls of teleportation
 j - 3 scrolls of torment
 o - 5 scrolls of poison
 q - a scroll of enchant weapon
 r - a scroll of silence
 t - 4 scrolls of immolation
 y - 4 scrolls of fear
 A - 4 scrolls of blinking
 E - 3 scrolls of vulnerability
 G - 4 scrolls of magic mapping
 H - 2 scrolls of butterflies
 J - 8 scrolls of identify
 L - 3 scrolls of fog
Potions
 a - 3 potions of resistance
 b - 8 potions of magic
 c - a potion of invisibility
 e - 11 potions of curing
 f - 5 potions of flight
 k - 6 potions of heal wounds
 l - 2 potions of haste
 m - 5 potions of berserk rage
 n - 2 potions of might
 p - 3 potions of brilliance
 s - 4 potions of mutation
 D - 3 potions of cancellation
 R - a potion of lignification
Miscellaneous
 T - a phantom mirror


   Skills:
 - Level 12.0 Dodging
 - Level 6.0 Stealth
 + Level 17.6 Spellcasting
 + Level 10.9 Conjurations
 - Level 13.0 Hexes
 + Level 9.1 Summonings
 - Level 5.0 Translocations
 - Level 10.0 Fire Magic
 - Level 3.0 Air Magic
 - Level 3.4 Poison Magic
 - Level 9.0 Invocations
 - Level 4.0 Evocations


You had 17 spell levels left.
You knew the following spells:

 Your Spells              Type           Power      Damage    Failure   Level
a - Magic Dart            Conj           100%       1d8       1%          1
b - Searing Ray           Conj           100%       2d8       1%          2
c - Fulminant Prism       Conj/Hex       48%        3d21      1%          4
d - Iskenderun's Mystic   Conj/Tloc      82%        2d16      1%          4
e - Tukima's Dance        Hex            100%       N/A       1%          3
f - Poisonous Vapours     Pois/Air       100%       N/A       1%          2
g - Fireball              Conj/Fire      57%        3d22      1%          5
h - Spellforged Servitor  Conj/Summ      45%        N/A       24%         7
i - Flame Wave            Conj/Fire      100%       2d21      1%          4

Your spell library contained the following spells:

 Spells                   Type           Power      Damage    Failure   Level
 Slow                     Hex            100%       N/A       0%          1
 Foxfire                  Conj/Fire      100%       2x1d9     1%          1
 Freeze                   Ice            100%       1d10      1%          1
 Sting                    Tmut/Pois      100%       1d8       1%          1
 Ensorcelled Hibernation  Hex/Ice        100%       N/A       1%          2
 Scorch                   Fire           100%       2d9       1%          2
 Confusing Touch          Hex            100%       N/A       1%          3
 Dazzling Flash           Conj/Hex       100%       N/A       1%          3
 Gell's Gravitas          Tloc           69%        N/A       1%          3
 Hailstorm                Conj/Ice       72%        3d15      1%          3
 Portal Projectile        Hex/Tloc       100%       N/A       1%          3
 Stone Arrow              Conj/Erth      100%       3d13      1%          3
 Summon Guardian Golem    Hex/Summ       94%        N/A       1%          3
 Swiftness                Air            60%        N/A       1%          3
 Teleport Other           Tloc           69%        N/A       1%          3
 Summon Lightning Spire   Summ/Air       74%        N/A       1%          4
 Silence                  Hex/Air        41%        N/A       1%          5
 Passwall                 Tmut/Erth      31%        N/A       2%          2
 Animate Armour           Summ/Erth      100%       N/A       2%          4
 Passage of Golubria      Tloc           69%        N/A       2%          4
 Yara's Violent Unravell  Hex/Tmut       38%        3d15      3%          5
 Starburst                Conj/Fire      57%        6d15      3%          6
 Olgreb's Toxic Radiance  Pois           61%        N/A       4%          4
 Frozen Ramparts          Ice            76%        1d12      5%          3
 Vampiric Draining        Necr           38%        2d8       5%          3
 Summon Cactus Giant      Summ           43%        N/A       6%          6
 Orb of Destruction       Conj           46%        9d12      16%         7
 Plasma Beam              Fire/Air       48%        2x1d69    19%         6
 Dispersal                Tloc           34%        N/A       34%         6
 Agony                    Necr           38%        N/A       43%         5
 Blade Hands              Tmut           19%        N/A       43%         5
 Storm Form               Tmut/Air       25%        N/A       100%        7
 Lehudib's Crystal Spear  Conj/Erth      36%        10d9      100%        8
 Maxwell's Capacitive Co  Air            30%        ∞         100%        8


Dungeon Overview and Level Annotations

Branches:
Dungeon (13/15)            Temple (0/1) D:6            Lair (5/5) D:10
  Swamp (0/4) Lair:2       Spider (0/4) Lair:3        Slime (0/5) Lair:4
    Orc (2/2) D:9             Elf (0/3) Orc:2        Vaults (0/5) D:13

Altars:
Cheibriados
Dithmenos
Fedhas
Hepliaklqana
Makhleb
Okawaru
Sif Muna
Uskayaw
Yredelemnul
The Shining One
Jiyva

Shops:
D:2 ?   D:6 :   D:7 *   Orc:2 ***[:

Portals:
Pandemonium: Orc:2

Annotations:
D:13 Rupert


Message History

The mystic blast hits the human!
You kill the human!
Osbert blocks the centaur warrior's attack.
The centaur warrior kicks Osbert but does no damage.
Your +0 longbow shoots an arrow.
The arrow barely misses the centaur warrior.
Osbert barely misses the eight-headed hydra.
Osbert hits the centaur warrior with a +0 broad axe of flaming!
Osbert burns the centaur warrior.
Your Summonings skill increases to level 9!
Unknown command.
Casting: Iskenderun's Mystic Blast (dangerous; 1% risk of failure)
Confirm with . or Enter, or press ? or * to list all spells.
Aiming: Tukima's Dance (safe; 1% risk of failure)
Press: ? - help, Shift-Dir - straight line, f - orc knight, p - centaur warrior
Aim: an orc knight, wielding a +0 battleaxe and wearing a +0 plate armour (moderately wounded, chance to affect: 73%)
You feel a surge of power!
The orc knight struggles to resist.
The centaur warrior barely misses Osbert. x2
Your +0 longbow shoots an arrow.
The arrow hits the centaur warrior!!
Rupert roars wildly at you.
You suddenly lose the ability to move!
The centaur warrior hits Osbert.
Osbert blocks the centaur warrior's attack.
Your +0 longbow shoots an arrow.
The arrow closely misses the centaur warrior.
Osbert blocks the centaur warrior's attack.
The centaur warrior barely misses Osbert.
The eight-headed hydra bites you but does no damage. x3
The eight-headed hydra bites you.
The eight-headed hydra bites you but does no damage.
The eight-headed hydra bites you! x2; The eight-headed hydra bites you.
Osbert hits the centaur warrior with a +0 broad axe of flaming!!
Osbert burns the centaur warrior.
The centaur warrior dies!
Osbert hits the eight-headed hydra with a +0 broad axe of flaming!
Osbert slices one of the eight-headed hydra's heads off!
The seven-headed hydra dies!
The orc knight hits you with a +0 battleaxe!!
* * * LOW HITPOINT WARNING * * *
The orc knight hits you with a +0 battleaxe!!
You die...

########.# .#
#############.#
..............#
#............#
#.......O....#
#...†........#
.#...(R>l@....#
.......@o.....#
........†.....#
.........!.(..#
................
.........†....##
...########...#
### ####


You could see the friendly Osbert the knight, Rupert, an orc knight (ally
target), a two-headed ogre, a basilisk and a friendly +0 longbow.

Vanquished Creatures
  Gastronok (D:8)
  Josephine (Orc:2)
  3 hydras
  3 catoblepae
  2 centaur warriors (D:13)
  2 boulder beetles
  4 two-headed ogres
  A demonspawn (Orc:2)
  9 death yaks (Lair:5)
  Urug (Orc:2)
  2 soul eaters (Orc:2)
  A sun demon (Orc:2)
  3 orc high priests (Orc:2)
  A skyshark (Lair:3)
  A sixfirhy (Orc:2)
  2 orc knights
  A lindwurm (Lair:5)
  Pikel (D:7)
  A deep elf pyromancer (D:12)
  6 orc sorcerers (Orc:2)
  2 cyclopes
  A manticore (D:11)
  7 elephants
  A rust devil (Orc:2)
  6 cane toads
  A gargoyle (D:13)
  A torpor snail (Lair:2)
  A kobold demonologist (D:12)
  An orange demon (Orc:2)
  4 rime drakes
  Psyche (D:11)
  4 komodo dragons
  4 polar bears
  6 trolls
  19 blink frogs
  2 hornets
  Sigmund (D:3)
  5 dancing weapons
  A vampire (D:11)
  37 yaks
  12 humans (D:13)
  5 wraiths
  4 wyverns
  7 basilisks
  2 steam dragons
  2 wargs (Orc:2)
  5 acid dragons
  13 water moccasins
  Duvessa (D:7)
  24 orc warriors
  A sky beast (D:7)
  An ogre (Orc:2)
  2 black bears
  16 wolves
  2 centaurs (D:9)
  3 phantoms (D:6)
  3 lemures (D:7)
  6 kobold brigands
  4 gnoll sergeants
  5 scorpions
  8 bullfrogs
  Dowan (D:7)
  6 killer bees (D:9)
  2 electric eels (Lair:2)
  2 howler monkeys
  A quasit (D:4)
  4 hounds
  20 orc priests
  2 gnoll boudas
  6 jellies
  An iron imp (D:6)
  5 iguanas
  21 orc wizards
  A mummy (D:9)
  8 adders
  22 gnolls
  4 shadow imps (D:4)
  6 white imps
  An ufetubus (D:3)
  4 worms
  4 dart slugs
  65 orcs
  13 ball pythons
  7 endoplasms
  6 goblins
  10 hobgoblins
  10 jackals
  28 kobolds
  3 quokkas
  4 bats
  3 frilled lizards
  A goblin skeleton (D:6)
  2 goblin zombies (D:6)
  A kobold skeleton (D:6)
  3 kobold zombies (D:6)
  2 orc skeletons (D:6)
  2 orc zombies (D:6)
  8 rats
566 creatures vanquished.

Vanquished Creatures (collateral kills)
  An orc warlord (Orc:2)
  A hydra (D:13)
  2 centaur warriors (D:13)
  A deep troll shaman (Lair:5)
  An orc high priest (Orc:2)
  4 orc knights
  An orc sorcerer (Orc:2)
  A cyclops (D:12)
  A black mamba (Lair:2)
  3 elephants (Lair:1)
  Maurice (D:9)
  Maggie (D:8)
  3 cane toads
  2 komodo dragons (Lair:5)
  3 hornets
  A blink frog (Lair:5)
  A slime creature (D:9)
  2 wraiths
  A shadow (D:9)
  7 yaks
  A basilisk (D:10)
  Menkaure (D:7)
  A warg (Orc:1)
  13 orc warriors
  2 sky beasts
  2 ogres (D:7)
  A wolf (Lair:3)
  A centaur (D:8)
  A boggart (D:9)
  2 orc priests
  2 gnolls
  A shadow imp (D:6)
  3 white imps
  An ufetubus (D:5)
  14 orcs
  3 kobolds
  A kobold skeleton (D:6)
88 creatures vanquished.

Vanquished Creatures (others)
  5 dancing weapons
  A human (D:13)
  8 knights
  317 fulminant prisms
331 creatures vanquished.

Grand Total: 985 creatures vanquished

Notes
Turn   | Place    | Note
-------+----------+-------------------------------------------
     0 | D:1      | joshe the Deep Elf Conjurer began the quest for the Orb.
     0 | D:1      | Reached XP level 1. HP: 10/10 MP: 6/6
   288 | D:1      | Reached XP level 2. HP: 15/15 MP: 6/8
   291 | D:1      | Learned a level 2 spell: Searing Ray
   502 | D:1      | Reached skill level 5 in Conjurations
   797 | D:1      | Reached XP level 3. HP: 15/19 MP: 1/9
  1569 | D:2      | Reached skill level 4 in Spellcasting
  1569 | D:2      | Reached XP level 4. HP: 24/24 MP: 6/12
  1640 | D:2      | Found Uruqewn's Magic Scroll Boutique.
  1686 | D:2      | Bought a scroll of identify for 28 gold pieces
  1869 | D:2      | Learned a level 4 spell: Fulminant Prism
  1874 | D:2      | Learned a level 4 spell: Iskenderun's Mystic Blast
  2337 | D:2      | Reached XP level 5. HP: 28/28 MP: 11/13
  2405 | D:2      | Found a shadowy altar of Dithmenos.
  2622 | D:3      | Noticed Sigmund
  3739 | D:3      | Reached skill level 1 in Hexes
  4135 | D:4      | Found a hide-covered altar of Uskayaw.
  4559 | D:4      | Reached XP level 6. HP: 32/32 MP: 3/14
  4718 | D:4      | Found an iron altar of Okawaru.
  4718 | D:4      | Found a shadowy altar of Dithmenos.
  4720 | D:4      | Found a burning altar of Makhleb.
  4720 | D:4      | Found a hazy altar of Hepliaklqana.
  4723 | D:4      | Became a worshipper of Hepliaklqana the Forgotten
  4834 | D:4      | Found a basalt altar of Yredelemnul.
  5001 | D:5      | Entered Level 5 of the Dungeon
  5100 | D:5      | Reached skill level 1 in Invocations
  5104 | D:5      | Reached skill level 5 in Spellcasting
  5335 | D:5      | Reached XP level 7. HP: 36/36 MP: 11/16
  5800 | D:2      | Bought a scroll of noise for 14 gold pieces
  5800 | D:2      | Bought a scroll of fear for 56 gold pieces
  5800 | D:2      | Bought a scroll of teleportation for 42 gold pieces
  5868 | D:3      | Killed Sigmund
  5869 | D:3      | Reached skill level 6 in Spellcasting
  6251 | D:5      | Reached skill level 1 in Translocations
  6419 | D:5      | Reached skill level 1 in Evocations
  6568 | D:5      | Reached XP level 8. HP: 23/41 MP: 12/19
  6830 | D:5      | Reached skill level 5 in Hexes
  6838 | D:5      | Reached skill level 7 in Spellcasting
  7015 | D:5      | Reached * piety under Hepliaklqana
  7116 | D:6      | Found Dasaih's Book Emporium.
  7373 | D:6      | Reached skill level 5 in Dodging
  8027 | D:6      | Found a shimmering blue altar of Sif Muna.
  8151 | D:6      | Noticed a hornet
  8153 | D:6      | Killed a hornet
  8154 | D:6      | Reached skill level 8 in Spellcasting
  8154 | D:6      | Reached XP level 9. HP: 40/40 MP: 11/23
  8403 | D:6      | Reached skill level 9 in Spellcasting
  8414 | D:6      | Found a glowing golden altar of the Shining One.
  8541 | D:6      | Found a staircase to the Ecumenical Temple.
  8567 | D:6      | Reached ** piety under Hepliaklqana
  8568 | D:6      | Remembered your ancestor Osbert as a knight
  8988 | D:7      | Found Kuehah's Neck Hole.
  9147 | D:7      | Reached skill level 10 in Spellcasting
  9358 | D:7      | Noticed Menkaure
  9372 | D:7      | Killed Menkaure
  9568 | D:7      | Noticed Pikel
  9714 | D:7      | Noticed Duvessa
  9720 | D:7      | Noticed Dowan
  9773 | D:7      | Killed Dowan
  9958 | D:7      | Killed Duvessa
 10129 | D:7      | Found a blossoming altar of Fedhas.
 10166 | D:7      | Killed Pikel
 10425 | D:7      | Bought a +0 cloak for 63 gold pieces
 10521 | D:2      | Bought a scroll of vulnerability for 56 gold pieces
 10521 | D:2      | Bought a scroll of immolation for 56 gold pieces
 10521 | D:2      | Bought a scroll of poison for 56 gold pieces
 10786 | D:8      | Learned a level 3 spell: Tukima's Dance
 10800 | D:8      | Reached XP level 10. HP: 45/45 MP: 14/26
 10961 | D:8      | Noticed Gastronok
 10966 | D:8      | Noticed a two-headed ogre
 10979 | D:8      | Killed a two-headed ogre
 10980 | D:8      | Reached skill level 11 in Spellcasting
 11234 | D:8      | Noticed a two-headed ogre
 11247 | D:8      | Found the +7 great mace "Undeadhunter" {deathbane, rN+}
 11420 | D:8      | Killed Gastronok
 11421 | D:8      | Reached skill level 12 in Spellcasting
 11631 | D:8      | Noticed Maggie
 11639 | D:8      | Killed Maggie
 12031 | D:9      | Reached skill level 10 in Dodging
 12032 | D:9      | Noticed Maurice
 12205 | D:9      | Killed Maurice
 12488 | D:9      | Reached skill level 13 in Spellcasting
 12827 | D:8      | Reached XP level 11. HP: 48/48 MP: 9/30
 12951 | D:9      | Noticed a two-headed ogre
 13356 | D:9      | Reached skill level 14 in Spellcasting
 13360 | D:9      | Killed a two-headed ogre
 13869 | D:9      | Reached *** piety under Hepliaklqana
 13956 | D:9      | Found a staircase to the Orcish Mines.
 14216 | D:9      | Found a snail-covered altar of Cheibriados.
 14270 | D:9      | Reached skill level 5 in Translocations
 14270 | D:9      | Reached skill level 5 in Invocations
 14468 | D:10     | Entered Level 10 of the Dungeon
 14478 | D:10     | Reached skill level 10 in Hexes
 15144 | D:10     | Found a staircase to the Lair.
 15512 | Lair:1   | Entered Level 1 of the Lair of Beasts
 15787 | Lair:1   | Reached skill level 15 in Spellcasting
 15792 | Lair:1   | Reached XP level 12. HP: 53/53 MP: 7/33
 15794 | Lair:1   | Reached skill level 5 in Stealth
 16052 | Lair:1   | Reached **** piety under Hepliaklqana
 16798 | Lair:1   | Identified the +4 mace of Leicletu {drain, rN+ Int-2 Dex+5}
 17230 | Lair:2   | Noticed a catoblepas
 17243 | Lair:2   | Killed a catoblepas
 17814 | Lair:2   | Found a staircase to the Swamp.
 17841 | Lair:2   | Reached skill level 1 in Fire Magic
 18340 | Lair:2   | Noticed a boulder beetle
 18351 | Lair:2   | Learned a level 2 spell: Poisonous Vapours
 18410 | Lair:2   | Killed a boulder beetle
 18925 | Lair:3   | Found a hole to the Spider Nest.
 18948 | Lair:3   | Identified the +0 robe of Complete Protection {Rampage
                  | rCorr Dex-2}
 18950 | Lair:3   | Noticed a catoblepas
 18952 | Lair:3   | Reached skill level 5 in Fire Magic
 18968 | Lair:3   | Noticed a boulder beetle
 18985 | Lair:3   | Killed a boulder beetle
 19134 | Lair:3   | Reached XP level 13. HP: 56/56 MP: 4/34
 19589 | Lair:3   | Reached ***** piety under Hepliaklqana
 20081 | Lair:4   | Found a viscous altar of Jiyva.
 20277 | Lair:4   | Found a staircase to the Slime Pits.
 20349 | Lair:4   | Reached skill level 1 in Poison Magic
 20577 | Lair:4   | Reached skill level 1 in Air Magic
 21140 | Lair:5   | Entered Level 5 of the Lair of Beasts
 21878 | D:6      | Bought a book of Fire for 616 gold pieces
 21884 | D:6      | Learned a level 5 spell: Fireball
 24264 | Lair:5   | Reached skill level 10 in Conjurations
 24264 | Lair:5   | Reached skill level 10 in Fire Magic
 24515 | Lair:5   | Reached XP level 14. HP: 61/61 MP: 15/35
 24878 | Orc:1    | Entered Level 1 of the Orcish Mines
 24878 | Orc:1    | Found a burning altar of Makhleb.
 25022 | Orc:2    | Entered Level 2 of the Orcish Mines
 25046 | Orc:2    | Reached skill level 16 in Spellcasting
 25059 | Orc:2    | Found Mibu's Assorted Antiques.
 25718 | Orc:2    | Noticed Josephine
 25727 | Orc:2    | Killed Josephine
 25952 | D:6      | Bought a book of Dangerous Friends for 560 gold pieces
 25960 | D:6      | Learned a level 7 spell: Spellforged Servitor
 26274 | Orc:2    | Noticed Urug
 26281 | Orc:2    | Killed Urug
 26282 | Orc:2    | Reached skill level 1 in Summonings
 26572 | Orc:2    | Noticed an orc warlord
 26613 | Orc:2    | Killed an orc warlord
 27063 | Orc:2    | Found a staircase to the Elven Halls.
 27125 | Orc:2    | Found Kenus's General Store.
 27365 | Orc:2    | Found Noanwyse's General Store.
 27642 | Orc:2    | Bought a potion of lignification for 39 gold pieces
 27684 | Orc:2    | Reached skill level 17 in Spellcasting
 27766 | Orc:2    | Reached skill level 5 in Summonings
 28819 | Orc:2    | Found Ycoo's Book Shoppe.
 28819 | Orc:2    | Found Zitigidi's Antique Armour Emporium.
 28871 | Orc:2    | Found a one-way gate leading to the halls of Pandemonium.
 28875 | Orc:2    | Bought a shiny buckler for 187 gold pieces
 29703 | D:11     | You fall into a shaft and drop 1 floor!
 29711 | D:12     | Reached ****** piety under Hepliaklqana
 30124 | D:11     | Noticed Psyche
 30127 | D:11     | Killed Psyche
 31099 | D:13     | Noticed Rupert
 31099 | D:13     | Found a gate to the Vaults.
 31167 | D:13     | Learned a level 4 spell: Flame Wave
 31256 | D:13     | Reached XP level 15. HP: 64/64 MP: 6/38
 31593 | D:13     | Paralysed by Rupert for 3 turns
 31595 | D:13     | Mangled by an orc knight

Illustrated notes

Levels and vault maps discovered:
D:1:      minmay_arrival_doors, layout_loops_cross, minmay_pentomino_u4
D:2:      layout_loops_ring, basic_altar, serial_shops,
          nicolae_shop_getting_attention, roderic_malta_cross,
          minmay_split_cup_large
D:3:      layout_basic, hangedman_abyss_or_decor_stabs, uniq_sigmund
D:4:      layout_cave_pools, mainiacjoe_overflow_alcove_3,
          mainiacjoe_overflow_catch_the_wave, serial_demonic, serial_demonic_a,
          serial_demonic_a, serial_demonic_d, serial_demonic_a,
          serial_demonic_g, serial_demonic_g, serial_demonic_e
D:5:      layout_basic
D:6:      layout_basic, tgw_sif, nicolae_tso_besieged_by_evil,
          minmay_temple_entry_overgrown, serial_shops, shop, minivault_5
D:7:      layout_loops_ring, kennysheep_mini, st_stairs_3,
          nicolae_shop_sticking_my_neck_out, uniq_menkaure, uniq_pikel,
          uniq_duvessa
D:8:      layout_rooms, minmay_misc_feat_doors,
          onia_ninara_dug_in_and_dangerous, uniq_gastronok, uniq_maggie
D:9:      layout_rooms, slow_altar_2, david_orc_2, nzn_random_ring, uniq_maurice
D:10:     layout_basic, minmay_lair_entry_grove
D:11:     layout_irregular_city, hangedman_decor_clover_reticule, uniq_psyche
D:12:     layout_roguey
D:13:     layout_loops_ring, david_vaults_3, vehumet_crystals
Lair:1:   layout_loops_ring, nicolae_lair_grazing_beasts
          [nicolae_sub_lair_graze_edge, nicolae_sub_lair_graze_edge,
          nicolae_sub_lair_graze_edge, nicolae_sub_lair_graze_edge],
          serial_bayou_shore_b, grunt_megastairs_4
Lair:2:   layout_cave_pods, swamp_mist, pdpol_lair_cavern_descent
Lair:3:   layout_gridlike, spider_nest_entry_web_field
Lair:4:   layout_loops_ring, nicolae_slime_entry_field_trip
Lair:5:   grunt_lair_end_beastmaster, layout_gridlike, lemuel_fruit_tree,
          grunt_megastairs_2
Orc:1:    layout_caves, basic_altar, bloody_makhleb
Orc:2:    pf_orc_diabolical, layout_diamond_mine, basic_altar, serial_shops,
          shop_statue, uniq_josephine, uniq_urug

Skill      XL: |  1  2  3  4  5  6  7  8  9 10 11 12 13 14 15 |
---------------+----------------------------------------------+-----
Conjurations   | 5 6 7 9 10 | 10.9
Spellcasting   | 4 5 6 8 10 13 15 17 | 17.6
Hexes          | 4 6 8 9 11 12 13 | 13.0
Invocations    | 2 4 5 7 8 9 |  9.0
Dodging        | 4 6 8 10 12 | 12.0
Translocations | 2 3 4 5 |  5.0
Evocations     | 1 2 4 |  4.0
Stealth        | 4 6 |  6.0
Fire Magic     | 6 10 | 10.0
Poison Magic   | 3 |  3.4
Air Magic      | 3 |  3.0
Summonings     | 8 9 |  9.1

Action                     |  1- 3 |  4- 6 |  7- 9 | 10-12 | 13-15 || total
---------------------------+-------+-------+-------+-------+-------++-------
  Melee: Dagger            |       |       |     1 |     5 |     8 ||    14
   Cast: Magic Dart        |    46 |    74 |    61 |    40 |    55 ||   276
         Searing Ray       |    13 |    26 |    27 |    28 |    11 ||   105
         Fulminant Prism   |       |     2 |    60 |   149 |   106 ||   317
         Iskenderun's Myst |       |       |     4 |    29 |    31 ||    64
         Tukima's Dance    |       |       |     2 |     9 |    42 ||    53
         Poisonous Vapours |       |       |       |     8 |    14 ||    22
         Fireball          |       |       |       |       |   141 ||   141
         Flame Wave        |       |       |       |       |     1 ||     1
 Invoke: Ancestor Identity |       |       |     2 |       |       ||     2
         Ancestor Life: Kn |       |       |     1 |       |       ||     1
         Recall Ancestor   |       |       |       |     9 |     8 ||    17
  Evoke: Wand              |       |       |       |       |     1 ||     1
    Use: Scroll            |       |     9 |     4 |     9 |     2 ||    24
         Potion            |       |       |     1 |       |     1 ||     2
 Armour: Robe              |     2 |     5 |       |       |    17 ||    24
  Dodge: Dodged            |     8 |    20 |    29 |    41 |    83 ||   181
         Repelled          |       |       |       |       |     4 ||     4
